 Dungeon Crawl Stone Soup version 0.30-a0-737-gf23d94013f (webtiles) character file.

Game seed: 17309609124719972831

1175 Newt the Scholar of Death (level 8, -8/62 HPs)
             Began as a Demonspawn Gladiator on Feb 1, 2023.
             Was a Follower of Kikubaaqudgha.
             Mangled by a two-headed ogre
             ... wielding a +0 giant spiked club
              (11 damage)
             ... on level 5 of the Dungeon.
             The game lasted 00:05:44 (4515 turns).

Newt the Scholar of Death (Demonspawn Gladiator)    Turns: 4515, Time: 00:05:45

Health: -8/62      AC:  6    Str: 22    XL:     8   Next: 18%
Magic:  13/14      EV: 12    Int: 18    God:    Kikubaaqudgha [*.....]
Gold:   231        SH:  0    Dex: 15    Spells: 14/15 levels left

rFire   . . .      SeeInvis .    B - +4 short sword of Proximity {heavy, rC- rN+ Int+2}
rCold   x . .      Faith    .    (no shield)
rNeg    + . .      Spirit   .    b - +0 leather armour
rPois   .          Reflect  .    c - +1 helmet
rElec   .          Harm     .    (no cloak)
rCorr   .          Rampage  .    (no gloves)
Will    .....                    (no boots)
Stlth   ++                       (no amulet)
HPRegen 0.30/turn                n - +6 ring of intelligence
MPRegen 0.14/turn                q - +6 ring of strength

@: no status effects
A: hooves 2, demonic guardian 1, sharp scales 1, demonic magic 1
a: Renounce Religion, Unearth Wretches


You were on level 5 of the Dungeon.
You worshipped Kikubaaqudgha.
Kikubaaqudgha was aware of your devotion.
You visited 1 branch of the dungeon, and saw 5 of its levels.

You collected 231 gold pieces.

Inventory:

Hand Weapons
 a - a +0 rapier
 A - a +0 short sword of venom
 B - the +4 short sword of Proximity (weapon) {heavy, rC- rN+ Int+2}
   (You took it off a centaur on level 4 of the Dungeon)

   Int:       It affects your intelligence (+2).
   rC:        It makes you vulnerable to cold.
   rN:        It protects you from negative energy.
Missiles
 d - 2 throwing nets
 h - 67 stones
 o - 5 curare-tipped darts
 p - 25 poisoned darts
 r - a javelin
 s - 11 datura-tipped darts
Armour
 b - a +0 leather armour (worn)
 c - a +1 helmet (worn)
 C - the +2 ring mail of Inviolability {rC+}
   (You found it on level 5 of the Dungeon)

   rC:        It protects you from cold.
Jewellery
 n - a +6 ring of intelligence (left hand)
 q - a +6 ring of strength (right hand)
 y - a ring of protection from cold
Scrolls
 e - 3 scrolls of immolation
 f - 4 scrolls of teleportation
 l - 2 scrolls of magic mapping
 m - a scroll of fog
 t - 2 scrolls of vulnerability
 x - a scroll of enchant weapon
Potions
 g - a potion of brilliance
 j - 2 potions of degeneration
 k - a potion of invisibility
 u - a potion of mutation
 v - a potion of magic {unknown}
 w - 2 potions of might {unknown}
 z - 2 potions of cancellation {unknown}


   Skills:
 + Level 5.1 Fighting
 - Level 2.6 Short Blades
 - Level 4.0 Throwing
 - Level 2.6 Dodging
 - Level 1.5 Stealth
 - Level 4.0 Spellcasting
 - Level 6.0 Necromancy


You had 14 spell levels left.
You knew the following spells:

 Your Spells              Type           Power      Damage    Failure   Level
a - Necrotise             Necr           100%       1d9       1%          1

Your spell library contained the following spells:

 Spells                   Type           Power      Damage    Failure   Level
 Sublimation of Blood     Necr           25%        N/A       2%          2
 Kiss of Death            Conj/Necr      56%        2d9       4%          1
 Cigotuvi's Dreadful Rot  Necr/Pois/Air  20%        N/A       11%         2


Dungeon Overview and Level Annotations

Branches:
Dungeon (5/15)
 Temple: D:4-7

Altars:
Ashenzari
Kikubaaqudgha
Qazlal
Sif Muna
Trog

Annotations:
D:4 2 runed translucent doors


Innate Abilities, Weirdness & Mutations

You have hoof-like feet.
A weak demonic guardian rushes to your aid.
You are partially covered in razor-sharp scales. (AC +1, Slay +1)
Spells you cast may paralyse adjacent enemies.


Message History

No target in view!
Found a long sword.
There is a stone staircase leading up here.
h - 67 stones (gained 7)
You see here a +0 long sword.
You see here a +0 long sword.
There is a stone staircase leading up here.
An iguana comes into view.
An iguana is nearby!
The iguana hisses angrily.
You hear a howl!
A howler monkey comes into view.
A two-headed ogre comes into view.
It is wielding two +0 giant spiked clubs.
The two-headed ogre shouts in stereo!
You puncture the iguana! You kick the iguana.
You kill the iguana!
Kikubaaqudgha accepts your kill.
You hear a bark!
Your Fighting skill increases to level 5!
You hit the two-headed ogre.
The two-headed ogre is lightly wounded.
A hound comes into view.
The two-headed ogre hits you with a +0 giant spiked club!!
The two-headed ogre barely misses you.
The howler monkey hoots and howls with incredible vigour!
You puncture the two-headed ogre! You kick the two-headed ogre.
The two-headed ogre is moderately wounded.
The howler monkey hoots and howls with incredible vigour!
The two-headed ogre hits you with a +0 giant spiked club!
The two-headed ogre hits you with a +0 giant spiked club!!
Ouch! That really hurt!
* * * LOW HITPOINT WARNING * * *
A demonic guardian appears!
Aiming: Necrotise (safe; 1% risk of failure)
Press: ? - help, Q - select action, (/) - cycle Shift-Dir - straight line, f - two-headed ogre
Aim: a two-headed ogre, wielding two +0 giant spiked clubs (moderately wounded, ally target, chance to affect: 70%)
The two-headed ogre writhes in agony.
Malevolent energies surge around you. The two-headed ogre closely misses you.
The two-headed ogre hits you with a +0 giant spiked club!
You die...
Kikubaaqudgha rasps: "You have failed me!
Welcome... death!"

.......... ..........
### ....>...... #.##
........... ## #..#
........... .. ##).
........... #. #..
..........#. #. ###.
.........#..
#.##############...
##.........#
#O@.5...........<..
#........#
#..h###############..
#.......## #h#. #..
##.....## .. #. #..
#....##... #. #..
#...## .# .. ##.
##.## #. .. ## #.#
#... .. ##### #
#.###...# ##...###


You could see a two-headed ogre (ally target), a howler monkey (catching
breath), a hound and a friendly shadow imp (summoned).

Vanquished Creatures
  Menkaure (D:4)
  2 ice beasts
  A centaur (D:4)
  A phantom (D:3)
  4 killer bees (D:5)
  2 howler monkeys (D:4)
  2 jellies (D:5)
  A hound (D:5)
  A gnoll bouda (D:5)
  2 iguanas (D:5)
  3 orc wizards (D:4)
  7 gnolls (D:5)
  6 adders
  An ufetubus (D:4)
  2 worms
  A dart slug (D:1)
  17 orcs
  3 ball pythons
  9 bats
  11 endoplasms
  3 giant cockroaches
  5 goblins
  2 hobgoblins
  2 jackals (D:5)
  8 quokkas
  4 frilled lizards
  3 kobolds
  6 rats
110 creatures vanquished.

Vanquished Creatures (collateral kills)
  A dart slug (D:5)
1 creature vanquished.

Grand Total: 111 creatures vanquished

Notes
Turn   | Place    | Note
-------+----------+-------------------------------------------
     0 | D:1      | Newt the Demonspawn Gladiator began the quest for the Orb.
     0 | D:1      | Reached XP level 1. HP: 16/16 MP: 1/1
    55 | D:1      | Reached skill level 1 in Stealth
   108 | D:1      | Gained mutation: You have large cloven feet. [demonic
                  | ancestry]
   108 | D:1      | Reached XP level 2. HP: 15/22 MP: 2/2
   895 | D:2      | Gained mutation: You have hoof-like feet. [demonic
                  | ancestry]
   895 | D:2      | Reached XP level 3. HP: 29/29 MP: 3/3
  1669 | D:3      | Noticed a phantom
  1690 | D:3      | Killed a phantom
  1691 | D:3      | Gained mutation: Spells you cast may paralyse adjacent
                  | enemies. [demonic ancestry]
  1691 | D:3      | Reached XP level 4. HP: 12/37 MP: 4/4
  1691 | D:3      | Gained mutation: You are partially covered in razor-sharp
                  | scales. (AC +1, Slay +1) [demonic ancestry]
  1691 | D:3      | Reached XP level 5. HP: 13/42 MP: 5/5
  1889 | D:3      | Found an ancient bone altar of Kikubaaqudgha.
  2342 | D:3      | Became a worshipper of Kikubaaqudgha
  2379 | D:4      | Found a large runed translucent door.
  2386 | D:4      | Found a large runed translucent door.
  2429 | D:4      | Reached skill level 1 in Spellcasting
  2491 | D:4      | Identified the +4 short sword of Proximity {heavy, rC- rN+
                  | Int+2}
  2491 | D:4      | Noticed a centaur
  2498 | D:4      | Found a large runed translucent door.
  2498 | D:4      | Found a large runed translucent door.
  2520 | D:4      | Noticed Menkaure
  2534 | D:4      | Killed Menkaure
  2535 | D:4      | Reached XP level 6. HP: 31/48 MP: 6/10
  2772 | D:4      | Found a broken altar of Ashenzari.
  2806 | D:4      | Reached * piety under Kikubaaqudgha
  2806 | D:4      | Received a gift from Kikubaaqudgha
  2821 | D:4      | Learned a level 1 spell: Necrotise
  2992 | D:4      | Noticed an ice beast
  2999 | D:4      | Killed an ice beast
  3000 | D:4      | Reached skill level 1 in Necromancy
  3000 | D:4      | Gained mutation: A weak demonic guardian rushes to your
                  | aid. [demonic ancestry]
  3000 | D:4      | Reached XP level 7. HP: 45/54 MP: 11/13
  3157 | D:4      | Found a stormy altar of Qazlal.
  3157 | D:4      | Found a shimmering blue altar of Sif Muna.
  3172 | D:4      | Found a bloodstained altar of Trog.
  3309 | D:4      | Reached skill level 2 in Necromancy
  3310 | D:4      | Reached skill level 3 in Necromancy
  3405 | D:5      | Entered Level 5 of the Dungeon
  3416 | D:5      | Reached skill level 4 in Necromancy
  3598 | D:5      | Identified the +2 ring mail of Inviolability {rC+}
  3823 | D:5      | Reached skill level 5 in Necromancy
  3824 | D:5      | HP: 1/54 [dart slug (2)]
  4117 | D:5      | Reached skill level 6 in Necromancy
  4117 | D:5      | Reached XP level 8. HP: 34/60 MP: 11/14
  4511 | D:5      | Noticed a two-headed ogre
  4513 | D:5      | Reached skill level 5 in Fighting
  4514 | D:5      | HP: 3/62 [two-headed ogre/+0 giant spiked club (31)]
  4515 | D:5      | Mangled by a two-headed ogre

Illustrated notes

Levels and vault maps discovered:
D:1:      evilmike_arrival_home_sweet_home, layout_rooms
D:2:      layout_rooms, minivault_14, minmay_increasing_density
D:3:      layout_basic, mainiacjoe_overflow_tiny_flanked, grunt_ministairs_4
D:4:      layout_rooms, evilmike_ruin_ashenzari,
          grunt_temple_overflow_cloverleaf, minmay_hollow_rounded_squares,
          uniq_menkaure
D:5:      layout_cave_pods, nicolae_hepliaklqana_monster_ancestors,
          nicolae_wu_jian_immortal_techniques, minmay_manual_mandibuliform

Skill      XL: |  1  2  3  4  5  6  7  8 |
---------------+-------------------------+-----
Stealth        | 1 |  1.5
Fighting       | 3 4 5 |  5.1
Throwing       | 3 4 |  4.0
Spellcasting   | 2 4 |  4.0
Necromancy     | 1 6 |  6.0
Short Blades   | |  2.6
Dodging        | |  2.6

Action                     |  1- 3 |  4- 6 |  7- 9 || total
---------------------------+-------+-------+-------++-------
  Melee: Rapier            |   136 |   111 |       ||   247
         Kick              |    24 |    41 |    18 ||    83
         Short sword       |       |    18 |    52 ||    70
         Punch             |       |     1 |       ||     1
  Throw: Throwing net      |     1 |     3 |       ||     4
         Javelin           |     1 |       |       ||     1
   Cast: Necrotise         |       |     1 |    27 ||    28
    Use: Scroll            |     9 |     5 |     1 ||    15
         Potion            |       |     1 |     1 ||     2
   Stab: Sleeping          |     2 |       |     1 ||     3
         Held in net/web   |       |     1 |       ||     1
         Paralysed         |       |     1 |    14 ||    15
         Distracted        |       |     1 |       ||     1
 Armour: Leather armour    |    41 |    39 |    22 ||   102
  Dodge: Dodged            |    90 |    72 |    56 ||   218

Table legend: (Time is in decaauts)
 A = Elapsed time spent in this place.
 B = Non-inter-level travel time spent in this place.
 C = Inter-level travel time spent in this place.
 D = Time resting spent in this place.
 E = Time spent auto-exploring this place.
 F = Levels seen in this place.
 G = Mean time per level.
                   A        B        C        D        E       F      G
               +--------+--------+--------+--------+--------+-----+--------+
         Total |   4535 |   4369 |    166 |    937 |   2694 |   5 |  907.0 |
       Dungeon |   4535 |   4369 |    166 |    937 |   2694 |   5 |  907.0 |
               +--------+--------+--------+--------+--------+-----+--------+

Top non-repeatable levels by time:
     D:5: 1119 daAuts
     D:4: 1040 daAuts
     D:3: 960 daAuts
     D:2: 955 daAuts
     D:1: 459 daAuts
